Map: 2000 Atmospheres LE

Players

DisK

  • Race: Protoss Protoss

Namshar - Winner!

  • Race: Zerg Zerg

Event: DreamHack SC2 Masters 2021 Fall

VOD

Have the link to the VOD?

Description

Time

  • Played on: Aug. 5, 2021, 6:21 p.m.
  • Length: 18:06

All games in this series

Show
View Real Time Build Order
Export as new Build Order

DisK Protoss 

Build Orders: 1 Gate Expand, Oracle Opening 

Get SALT Encoding   

  12  0:00  Probe  
  13  0:12  Probe  
  14  0:19  Pylon  
  14  0:24  Probe  
  15  0:37  Probe (Chrono Boost)  
  15  0:38  Gateway  
  16  0:47  Assimilator, Probe (Chrono Boost)  
  17  0:52  Probe (Chrono Boost)  
  18  1:03  Probe  
  19  1:15  Probe  
  20  1:23  Nexus  
  20  1:34  Cybernetics Core  
  20  1:37  Probe  
  21  1:46  Assimilator  
  21  1:49  Probe  
  21  1:53  Pylon  
  22  2:01  Probe (Chrono Boost)  
  23  2:08  Adept (Chrono Boost)  
  23  2:12  Probe (Chrono Boost)  
  26  2:17  Stargate  
  26  2:18  Probe  
  27  2:27  Warp Gate  
  27  2:32  Probe (Chrono Boost)  
  27  2:34  Adept  
  27  2:35  Probe (Chrono Boost)  
  32  2:46  Probe (Chrono Boost)  
  32  2:47  Probe (Chrono Boost)  
  32  2:51  Probe (Chrono Boost)  
  33  2:54  Probe  
  35  3:00  Oracle  
  35  3:03  Probe (Chrono Boost)  
  39  3:06  Pylon  
  39  3:09  Probe (Chrono Boost)  
  40  3:15  Probe (Chrono Boost)  
  42  3:22  Gateway, Probe x2 (Chrono Boost)  
  43  3:29  Probe  
  43  3:30  Probe  
  45  3:34  Oracle (Chrono Boost)  
  48  3:41  Probe  
  48  3:46  Nexus  
  49  3:50  Pylon, Probe  
  49  3:53  Probe  
  51  3:59  Assimilator  
  51  4:01  Assimilator  
  52  4:02  Probe  
  52  4:12  Probe  
  52  4:13  Twilight Council  
  52  4:16  Stalker  
  55  4:17  Sentry  
  55  4:18  Probe  
  58  4:24  Probe  
  58  4:29  Shield Battery  
  58  4:30  Probe  
  60  4:34  Forge  
  60  4:36  Probe  
  61  4:42  Gateway, Probe  
  61  4:43  Gateway  
  62  4:46  Pylon  
  62  4:57  Probe (Chrono Boost)  
  62  4:58  Probe x2 (Chrono Boost)  
  65  5:08  Protoss Ground Weapons Level 1  
  65  5:09  Probe (Chrono Boost)  
  65  5:10  Probe x2 (Chrono Boost)  
  65  5:11  Robotics Facility  
  65  5:13  Sentry x2  
  72  5:16  Probe x3 (Chrono Boost)  
  72  5:19  Pylon  
  75  5:24  Shield Battery  
  75  5:27  Shield Battery, Dark Shrine  
  72  5:29  Pylon  
  72  5:32  Blink  
  72  5:37  Shield Battery, Stalker  
  72  5:39  Shield Battery  
  72  5:40  Stalker  
  76  5:43  Stalker  
  76  5:47  Stalker  
  80  5:52  Shield Battery  
  80  6:00  Immortal  
  80  6:02  Stalker  
  86  6:06  Stalker x2  
  86  6:11  Stalker  
  88  6:27  Stalker  
  88  6:31  Gateway  
  82  6:39  Dark Templar x2  
  83  6:40  Gateway  
  83  6:42  Gateway  
  83  6:45  Pylon  
  81  6:52  Dark Templar  
  73  7:02  Probe x2  
  73  7:07  Pylon  
  74  7:14  Cybernetics Core  
  74  7:17  Probe  
  74  7:20  Pylon, Probe x2  
  74  7:22  Pylon  
  77  7:28  Immortal (Chrono Boost)  
  78  7:32  Probe x2 (Chrono Boost)  
  78  7:33  Probe (Chrono Boost)  
  78  7:34  Assimilator  
  78  7:36  Assimilator  
  78  7:37  Pylon  
  84  7:44  Probe x2 (Chrono Boost)  
  87  7:45  Probe (Chrono Boost)  
  87  7:48  Gateway  
  87  7:50  Probe  
  87  7:51  Probe  
  87  7:54  Probe  
  87  7:57  Stalker x2  
  87  7:58  Stalker x3  
  98  8:03  Probe x2  
  98  8:04  Nexus  
  98  8:05  Pylon  
  100  8:07  Protoss Ground Weapons Level 2 (Chrono Boost)  
  100  8:10  Warp Prism (Chrono Boost)  
  100  8:14  Charge, Gateway  
  100  8:17  Probe x3  
  105  8:29  Probe x3  
  105  8:30  Robotics Bay  
  105  8:33  Stalker x2  
  112  8:36  Pylon  
  112  8:41  Probe  
  103  8:56  Stalker x7  
  103  9:02  Robotics Facility  
  113  9:10  Probe x3  
  113  9:16  Shield Battery, Disruptor (Chrono Boost)  
  116  9:17  Stalker  
  116  9:19  Pylon  
  116  9:22  Probe  
  122  9:26  Stalker x4  
  130  9:33  Stalker x3  
  108  9:46  Dark Templar  
  108  9:57  Disruptor (Chrono Boost)  
  108  9:58  Disruptor (Chrono Boost)  
  108  9:59  Zealot x5  
  124  10:00  Zealot x2  
  128  10:10  Assimilator  
  128  10:11  Assimilator  
  128  10:14  Shield Battery  
  128  10:21  Zealot x2  
  128  10:22  Zealot x3  
  138  10:30  Disruptor (Chrono Boost)  
  138  10:31  Disruptor (Chrono Boost)  
  138  10:32  Zealot x3  
  148  10:49  Templar Archives  
  135  10:59  Zealot x3  
  135  11:00  Zealot x2  
  135  11:01  Probe x3  
  142  11:12  Shield Battery  
  142  11:13  Shield Battery  
  142  11:16  Disruptor  
  142  11:17  Disruptor, Gateway  
  148  11:18  Zealot x2  
  148  11:19  Zealot  
  148  11:20  Pylon, Zealot  
  148  11:21  Gateway  
  156  11:32  Stalker x2  
  150  11:33  Stalker x2  
  132  11:43  Stalker  
  132  11:44  Probe  
  132  11:46  Stalker x3  
  126  11:51  Probe x3  
  127  11:54  Disruptor x2  
  127  11:56  Probe  
  134  12:16  Zealot x5  
  134  12:17  Stalker x3  
  134  12:18  Stalker x2  
  134  12:20  Pylon  
  140  12:38  Stalker x3  
  140  12:40  Probe x3  
  140  12:41  Probe  
  146  12:48  High Templar x4  
  146  12:49  High Templar x2  
  146  12:50  Stalker  
  158  12:52  Probe x3  
  158  12:53  Archon x3, Probe  
  156  13:08  Disruptor, Observer  
  156  13:09  Probe x3  
  156  13:10  Probe  
  164  13:14  Dark Templar  
  164  13:16  Zealot  
  164  13:17  Stalker  
  170  13:22  Zealot  
  170  13:26  Zealot  
  171  13:31  Zealot  
  166  13:37  Pylon  
  151  13:50  Zealot x5  
  151  13:51  Zealot x3  
  167  13:58  Probe x4  
  155  14:10  Probe  
  156  14:17  Zealot x3  
  156  14:18  Zealot x2  
  158  14:35  High Templar x4  
  158  14:36  Probe  
  158  14:37  Probe x3  
  158  14:38  High Templar x4  
  176  14:41  High Templar  
  176  14:42  Archon x3  
  176  14:43  Archon  
  180  14:50  Pylon  
  165  15:21  Fleet Beacon, Stargate  
  165  15:23  Zealot x5  
  165  15:24  Zealot x2  
  165  15:27  Pylon  
  160  15:40  Stalker x2  
  160  15:41  Stalker  
  85  16:11  Zealot x7  
  76  16:12  Zealot  
  90  16:23  Zealot  
  90  16:24  Zealot  
  86  16:37  High Templar x7  
  100  16:41  Archon x2  
  100  16:42  High Templar, Archon  
  100  16:46  Archon  
  100  17:09  Zealot x4  
  100  17:10  Zealot  
Show
View Real Time Build Order
Export as new Build Order

Namshar Zerg - Winner!

Build Orders: Hatch First 

Get SALT Encoding   

  12  0:00  Drone  
  13  0:11  Overlord  
  13  0:17  Drone  
  14  0:30  Drone x2  
  16  0:47  Hatchery  
  15  0:50  Drone  
  15  0:54  Drone  
  17  0:57  Drone  
  18  1:07  Extractor  
  17  1:13  Spawning Pool  
  17  1:15  Drone  
  17  1:18  Drone  
  18  1:27  Drone  
  19  1:38  Drone  
  20  1:45  Hatchery  
  19  1:49  Drone  
  20  1:59  Drone x2  
  22  2:06  Queen  
  24  2:13  Queen  
  26  2:19  Overlord  
  26  2:24  Drone  
  26  2:25  Drone  
  26  2:29  Metabolic Boost  
  28  2:38  Zergling x4  
  28  2:40  Drone  
  28  2:43  Queen  
  33  2:48  Drone  
  33  2:51  Overlord  
  34  2:54  Drone x2  
  36  3:04  Drone x3  
  39  3:17  Queen  
  39  3:18  Drone  
  39  3:19  Drone x3  
  45  3:20  Drone  
  45  3:21  Drone x2  
  45  3:25  Overlord  
  48  3:28  Spore Crawler  
  48  3:31  Spore Crawler  
  48  3:33  Spore Crawler  
  45  3:37  Drone  
  45  3:39  Drone  
  47  3:42  Drone x3  
  50  3:49  Drone x2  
  50  3:51  Overlord  
  50  3:54  Drone x3  
  55  4:00  Overlord  
  55  4:01  Drone  
  55  4:02  Drone x2  
  58  4:06  Overlord  
  58  4:12  Drone x2  
  58  4:14  Queen  
  62  4:21  Drone, Roach Warren  
  62  4:24  Overlord  
  62  4:25  Drone  
  62  4:26  Drone x3  
  65  4:35  Overlord  
  65  4:37  Extractor, Drone  
  65  4:38  Extractor, Drone x4  
  69  4:43  Queen x2  
  72  4:50  Overlord  
  72  4:57  Queen  
  74  5:03  Roach  
  74  5:04  Roach x7  
  88  5:14  Roach  
  88  5:15  Roach x3  
  96  5:25  Overlord x4  
  96  5:29  Lair, Overlord  
  96  5:31  Zergling x2  
  97  5:38  Overlord x2  
  97  5:43  Queen  
  97  5:47  Ravager x2, Evolution Chamber  
  97  5:48  Zergling x18  
  97  5:49  Ravager  
  110  5:54  Zergling x2  
  111  6:02  Zergling x8  
  115  6:04  Ravager  
  115  6:05  Hatchery  
  115  6:11  Ravager, Zergling x2  
  116  6:12  Zergling x14  
  123  6:20  Zergling x2  
  123  6:21  Zergling x2  
  120  6:26  Roach  
  119  6:45  Roach x2  
  119  6:46  Zergling x12, Roach  
  119  6:47  Zergling x8  
  131  6:53  Zerg Missile Weapons Level 1  
  125  6:54  Glial Reconstitution  
  125  6:56  Extractor  
  122  7:03  Overseer  
  122  7:04  Overseer  
  122  7:08  Drone x8  
  118  7:16  Baneling Nest  
  118  7:18  Drone x4  
  118  7:21  Spine Crawler  
  116  7:23  Drone x5  
  116  7:24  Spine Crawler  
  116  7:25  Queen  
  116  7:26  Extractor  
  116  7:28  Extractor  
  120  7:38  Overlord x2  
  120  7:40  Queen x2  
  126  7:44  Drone x2  
  126  7:45  Drone x6, Spine Crawler  
  126  7:47  Ravager  
  126  7:48  Ravager x2  
  126  7:49  Overlord  
  126  7:51  Drone  
  137  7:54  Drone x4  
  137  7:57  Pneumatized Carapace  
  137  8:04  Drone x6  
  143  8:09  Spine Crawler  
  143  8:10  Spore Crawler, Drone x2  
  143  8:12  Drone, Centrifical Hooks  
  144  8:15  Evolution Chamber  
  144  8:16  Queen  
  145  8:27  Roach x2  
  145  8:28  Overseer, Roach x7  
  145  8:32  Spine Crawler  
  162  8:37  Ravager x2  
  162  8:38  Ravager x2  
  164  8:41  Zergling x2  
  164  8:42  Zergling x20, Roach  
  172  8:49  Roach  
  170  8:56  Drone x2  
  170  8:57  Spine Crawler  
  170  8:58  Zergling x2, Spine Crawler, Roach  
  173  9:03  Zerg Melee Weapons Level 1  
  173  9:06  Zerg Missile Weapons Level 2  
  170  9:11  Baneling x9  
  170  9:12  Zergling x24  
  170  9:17  Extractor  
  181  9:18  Extractor, Hatchery  
  179  9:27  Zergling x8  
  179  9:28  Zergling x2  
  178  9:36  Zergling x2, Roach  
  178  9:37  Zergling x10  
  170  9:41  Roach  
  170  9:43  Overseer  
  170  9:44  Overseer x2  
  165  9:51  Zergling x2, Roach x4  
  165  9:52  Zergling x2  
  168  9:56  Infestation Pit  
  167  10:14  Baneling x7  
  167  10:15  Ravager  
  167  10:19  Spine Crawler  
  167  10:21  Spine Crawler x2  
  167  10:22  Spore Crawler  
  161  10:33  Queen  
  161  10:35  Zergling x2  
  161  10:36  Zergling x20  
  144  10:57  Zergling x26  
  144  10:58  Zergling x16  
  144  11:02  Baneling  
  144  11:03  Baneling  
  158  11:05  Hive  
  158  11:08  Baneling x16  
  158  11:09  Queen  
  158  11:10  Ravager x8  
  168  11:11  Baneling  
  168  11:12  Baneling x6, Overlord x4  
  168  11:13  Drone x6  
  174  11:20  Overlord  
  174  11:21  Overlord  
  174  11:24  Spire  
  172  11:28  Baneling x2  
  172  11:29  Baneling x6  
  164  11:41  Spine Crawler  
  164  11:42  Spine Crawler  
  164  11:43  Spine Crawler  
  149  11:49  Drone x5  
  149  11:50  Drone  
  149  11:52  Zergling x28  
  168  11:54  Spine Crawler  
  167  12:03  Baneling  
  167  12:09  Extractor  
  167  12:11  Extractor, Drone x2  
  167  12:12  Drone x4  
  167  12:15  Baneling x2  
  167  12:16  Zergling x24  
  167  12:22  Hatchery  
  165  12:33  Zergling x26, Roach  
  177  12:44  Zerg Melee Weapons Level 2, Zerg Ground Armor Level 1  
  177  12:45  Greater Spire  
  177  12:56  Baneling x13  
  171  13:08  Baneling x8  
  171  13:11  Corruptor x6  
  171  13:12  Corruptor x2  
  186  13:13  Zergling x16  
  186  13:14  Zergling x4  
  196  13:26  Zergling x2  
  200  13:27  Zergling x6  
  161  13:56  Brood Lord x8  
  161  13:58  Zergling x20, Roach x3  
  193  14:05  Adrenal Glands  
  186  14:23  Zergling x26  
  189  14:30  Zerg Flyer Weapons Level 1  
  188  14:33  Baneling  
  188  14:34  Baneling x12  
  188  14:43  Zerg Ground Armor Level 2  
  188  14:47  Zergling x8  
  188  14:48  Zergling x10  
  197  14:53  Baneling x4  
  197  14:54  Baneling x7  
  197  14:55  Baneling x6  
  196  15:01  Zergling x2  
  196  15:02  Zergling x6  
  195  15:08  Zergling x10  
  195  15:12  Baneling x17  
  199  15:20  Baneling x11  
  199  15:30  Baneling x9  
  199  15:33  Zergling x8  
  169  15:53  Zergling x26, Roach  
  144  15:57  Zergling x14, Roach  
  140  16:08  Roach x5  
  137  16:12  Baneling x4  
  137  16:13  Baneling x12  
  137  16:14  Baneling x2  
  137  16:15  Ravager  
  129  16:20  Roach x7  
  129  16:23  Ravager  
  129  16:24  Baneling x9  
  142  16:34  Roach  
  142  16:35  Roach x4  
  151  16:45  Ravager x9  
  160  16:51  Hatchery  
  159  16:59  Ravager x2  
  159  17:00  Ravager x3, Zergling x2  
  159  17:01  Zergling x24  
  177  17:15  Zergling x18  
  175  17:35  Zergling x4  
  175  17:36  Zergling x22  
  183  17:47  Zergling x12, Roach  

Tags
 
Add a new tag
Caveats
  • Supply blocks, unpowered buildings, or Contaminate may cause inaccurate times.
  • Supply counts are checked every 10 seconds.